 Dungeon Crawl Stone Soup version 0.28.0-49-g6dfe1f597d (webtiles) character file.

Game seed: 8356637435842774315

405 101zpm the Magician (level 7, -1/46 HPs)
             Began as a Djinni Fire Elementalist on May 15, 2022.
             Slain by a hound zombie (2 damage)
             ... on level 5 of the Dungeon.
             The game lasted 00:07:09 (4790 turns).

101zpm the Magician (Djinni Fire Elementalist)      Turns: 4790, Time: 00:07:11

Health: -1/46      AC:  2    Str:  7    XL:     7   Next: 12%
Gold:   61         EV: 12    Int: 18    God:
                   SH:  0    Dex: 14

rFire   + + .      SeeInvis .   (no weapon)
rCold   x . .      Faith    .   (no shield)
rNeg    . . .      Spirit   .   a - +0 robe
rPois   ∞          Reflect  .   (no helmet)
rElec   .          Harm     .   (no cloak)
rCorr   .          Rampage  .   (no gloves)
Will    .....                   (boots unavailable)
Stlth   ++........              (no amulet)
HPRegen 0.15/turn               (no ring)
MPRegen 0.00/turn               (no ring)

@: flying
A: sickness immunity, fire resistance 2, cold vulnerability 1, float, innate
caster, HP casting, extra vitality 1
a: no special abilities


You were on level 5 of the Dungeon.
You visited 1 branch of the dungeon, and saw 5 of its levels.

You collected 61 gold pieces.

Inventory:

Armour
 a - a +0 robe (worn)
Scrolls
 c - 4 scrolls of teleportation {unknown}
 d - a scroll of silence {unknown}
 e - a scroll of magic mapping {unknown}
 g - a scroll of identify {unknown}
 h - a scroll of summoning {unknown}
 i - a scroll of enchant weapon {unknown}
 j - a scroll of torment {unknown}
 n - a scroll of immolation {unknown}
Potions
 b - 2 potions of degeneration {unknown}
 f - 2 potions of lignification {unknown}
 k - a potion of attraction {unknown}
 l - a potion of brilliance {unknown}
 m - a potion of curing {unknown}


   Skills:
 + Level 0.4 Fighting
 + Level 2.4 Dodging
 + Level 2.8 Stealth
 + Level 5.2 Spellcasting


You couldn't memorise any spells.
You knew the following spells:

 Your Spells              Type           Power      Damage    Failure   Level
a - Foxfire               Conj/Fire      92%        2x1d8     1%          1
b - Scorch                Fire           46%        2d7       2%          2
c - Conjure Flame         Conj/Fire      23%        6-21      4%          3
d - Inner Flame           Hex/Fire       23%        N/A       4%          3
e - Flame Wave            Conj/Fire      23%        2d7       14%         4
f - Slow                  Hex            92%        N/A       1%          1
g - Ensorcelled Hibernat  Hex/Ice        46%        N/A       2%          2
h - Wereblood             Tmut           23%        N/A       2%          2
Your spell library was empty.

Dungeon Overview and Level Annotations

Branches:
Dungeon (5/15)
 Temple: D:4-7

Altars:


Innate Abilities, Weirdness & Mutations

You are immune to sickness and miasma.
You are immune to poison.
Your flesh is very heat resistant. (rF++)
You are vulnerable to cold. (rC-)
You float through the air rather than walking.
You learn spells naturally, not from books.
Your magical power is your life essence.
You have superior vitality. (+4 MHP)


Message History

The orc shouts!
The foxfire hits the orc but does no damage. x2
The orc is heavily wounded.
The orc hits you with a +0 falchion.
The foxfire hits the orc but does no damage. x2
The orc is heavily wounded.
The orc hits you with a +0 falchion.
Found a scroll labelled GITENAX CAALI.
There is a stone staircase leading down here.
The orc hits you with a +0 club.
You fly downwards.
There is a stone staircase leading up here.
Casting: Foxfire (safe; 1% risk of failure)
Confirm with . or Enter, or press ? or * to list all spells.
Flames lash the orc.
You kill the orc!
A bullfrog skeleton comes into view.
Casting: Scorch (safe; 2% risk of failure)
Confirm with . or Enter, or press ? or * to list all spells.
Flames lash the bullfrog skeleton.
The bullfrog skeleton is moderately damaged.
The bullfrog skeleton's fire resistance burns away.
Casting: Scorch (safe; 2% risk of failure)
Confirm with . or Enter, or press ? or * to list all spells.
Flames lash the bullfrog skeleton.
The bullfrog skeleton is burned terribly!
The bullfrog skeleton is almost destroyed.
The bullfrog skeleton hits you.
* * * LOW HITPOINT WARNING * * *
A hound zombie comes into view.
The bullfrog skeleton hits you.
* * * LOW HITPOINT WARNING * * *
Casting: Scorch (safe; 2% risk of failure)
Confirm with . or Enter, or press ? or * to list all spells.
Flames lash the bullfrog skeleton.
The bullfrog skeleton is burned terribly!
You destroy the bullfrog skeleton!
* * * LOW HITPOINT WARNING * * *
The hound zombie bites you.
You die...

. #. #..#
....
#..###
#..Z@#
#....####
###


You could see a hound zombie.

Vanquished Creatures
  A necrophage (D:2)
  A bullfrog skeleton (D:5)
  2 orc priests (D:3)
  A hound (D:2)
  Terence (D:2)
  An orc wizard (D:3)
  3 gnolls (D:4)
  7 adders
  An adder skeleton (D:4)
  2 dart slugs
  9 orcs
  5 ball pythons
  2 bats (D:1)
  5 endoplasms
  2 giant cockroaches
  5 goblins
  5 hobgoblins
  4 jackals (D:4)
  10 kobolds
  3 quokkas
  4 frilled lizards
  3 rats
77 creatures vanquished.

Vanquished Creatures (others)
  305 foxfires
305 creatures vanquished.

Grand Total: 382 creatures vanquished

Notes
Turn   | Place    | Note
-------+----------+-------------------------------------------
     0 | D:1      | 101zpm the Djinni Fire Elementalist began the quest for the
                  | Orb.
     0 | D:1      | Reached XP level 1. HP: 15/15 MP: 0/0
   327 | D:1      | Reached XP level 2. HP: 17/21 MP: 0/0
   625 | D:1      | Found a faded altar of an unknown god.
  1540 | D:1      | Reached skill level 3 in Spellcasting
  1540 | D:1      | Reached XP level 3. HP: 21/25 MP: 0/0
  1540 | D:1      | Learned a level 1 spell: Slow
  1862 | D:2      | Reached XP level 4. HP: 25/31 MP: 0/0
  2450 | D:2      | Noticed a necrophage
  2456 | D:2      | Killed a necrophage
  2457 | D:2      | Reached skill level 4 in Spellcasting
  2457 | D:2      | Reached XP level 5. HP: 21/35 MP: 0/0
  2457 | D:2      | Learned a level 2 spell: Ensorcelled Hibernation
  2471 | D:2      | Noticed Terence
  2474 | D:2      | Killed Terence
  2475 | D:2      | Reached XP level 6. HP: 15/40 MP: 0/0
  4127 | D:3      | Reached skill level 5 in Spellcasting
  4597 | D:4      | Reached XP level 7. HP: 40/45 MP: 0/0
  4597 | D:4      | Learned a level 2 spell: Wereblood
  4786 | D:5      | Entered Level 5 of the Dungeon
  4790 | D:5      | Slain by a hound zombie

Illustrated notes

Levels and vault maps discovered:
D:1:      eino_arrival_water_star, layout_loops_corners, basic_ecumenical_altar
D:2:      layout_rooms, serial_corexii_hall, corexii_hall_statues_i,
          corexii_hall_statues_u, minmay_tetromino_s4, uniq_terence
D:3:      layout_basic
D:4:      layout_basic, mainiacjoe_overflow_brackets, kennysheep_boxes
D:5:      layout_basic, minmay_temple_entry_hall, serial_undead,
          serial_undead_d, serial_undead_e, serial_undead_b, serial_undead_a,
          serial_undead_f, hangedman_abyss_or_decor_lesser_grid, st_stairs_11,
          minivault_4

Skill      XL: |  1  2  3  4  5  6 |
---------------+-------------------+-----
Spellcasting   | 3 4 5 |  5.2
Stealth        | 2 |  2.8
Fighting       | |  0.4
Dodging        | |  2.4

Action                   |  1- 3 |  4- 6 |  7- 9 || total
-------------------------+-------+-------+-------++-------
 Cast: Foxfire           |    66 |    93 |    25 ||   184
       Scorch            |     8 |    19 |     4 ||    31
       Inner Flame       |       |    17 |       ||    17
Armor: Robe              |     1 |     1 |       ||     2
Dodge: Dodged            |     2 |     5 |     1 ||     8
